[Event "Titled Tuesday Blitz April 4 Early 2023"]
[White "Rodchenkov, Sergey D."]
[Black "Samunenkov, Ihor"]
[WhiteFideId "4168712"]
[BlackFideId "14187086"]
[WhiteElo "2277"]
[BlackElo "2457"]
[Result "0-1"]
[Round "02"]
[TimeControl "180+2"]
[Date "2023.04.04"]
[WhiteClock "0:00:05"]
[BlackClock "0:00:08"]

1. e4 c5 2. Nf3 Nc6 3. d4 cxd4 4. Nxd4 Nf6 5. Nc3 e5 6. Ndb5 d6 7. Nd5 Nxd5 8. exd5 Nb8 9. c4 Be7 10. Be2 O-O 11. O-O Nd7 12. Nc3 f5 13. f4 Bf6 14. Kh1 a6 15. a4 b6 16. a5 bxa5 17. Qa4 Nc5 18. Qxa5 Nb3 19. Qxd8 Rxd8 20. Ra3 Nxc1 21. Rxc1 exf4 22. b4 Rb8 23. b5 axb5 24. cxb5 Bd7 25. Rb1 Re8 26. Bf1 Re3 27. Ra7 Be8 28. Na4 Ra3 29. h3 Be5 30. Ra6 Kf7 31. Nc5 Rxa6 32. Nxa6 Rb6 33. Nc7 Bd7 34. Bc4 Kf6 35. Ra1 Rb7 36. Ne6 Bxb5 37. Bf1 Bxf1 38. Rxf1 g5 39. Rc1 h5 40. h4 g4 41. Rc8 Rb1+ 42. Kh2 f3+ 43. g3 f2 44. Rf8+ Ke7 45. Rxf5 f1=Q 46. Nf4 Qg1# 0-1


[Site "https://www.chess.com"]

[Event "Titled Tuesday Blitz April 4 Early 2023"]
[White "Ahn, Hongjin"]
[Black "Wagner, Dennis"]
[WhiteFideId "13201492"]
[BlackFideId "24650684"]
[WhiteElo "2182"]
[BlackElo "2470"]
[Result "0-1"]
[Round "02"]
[TimeControl "180+2"]
[Date "2023.04.04"]
[WhiteClock "0:00:03"]
[BlackClock "0:00:19"]

1. c4 Nf6 2. Nc3 e5 3. Nf3 Nc6 4. e4 Bb4 5. d3 d6 6. a3 Bc5 7. h3 a5 8. Be2 h6 9. O-O O-O 10. Nd2 Nd4 11. Nb3 Nxb3 12. Qxb3 Bd7 13. Kh1 a4 14. Qd1 Bd4 15. f4 exf4 16. Bxf4 Nh7 17. Bg4 Ng5 18. Bxd7 Qxd7 19. Bxg5 hxg5 20. Qh5 Ra5 21. Rae1 g6 22. Qe2 c6 23. Qd2 b6 24. Ne2 Bg7 25. d4 g4 26. h4 Qe7 27. g3 Qxe4+ 28. Kh2 Rf5 29. Rxf5 Qxf5 30. Nf4 Bh6 31. Re7 Bxf4 32. Qxf4 Qc2+ 33. Kg1 Qb1+ 34. Qf1 Qxb2 35. Qf2 Qc1+ 36. Kg2 Qxc4 37. h5 Qd5+ 38. Kh2 Qxh5+ 39. Kg1 Qd5 0-1


[Site "https://www.chess.com"]

[Event "Titled Tuesday Blitz April 4 Early 2023"]
[White "Kilic, Eray"]
[Black "Buksa, Nataliya"]
[WhiteFideId "44517173"]
[BlackFideId "14123622"]
[WhiteElo "2328"]
[BlackElo "2316"]
[Result "0-1"]
[Round "02"]
[TimeControl "180+2"]
[Date "2023.04.04"]
[WhiteClock "0:00:02"]
[BlackClock "0:00:05"]

1. d4 d5 2. Nc3 Nf6 3. Bf4 e6 4. Nb5 Na6 5. e3 Be7 6. Nc3 O-O 7. Nf3 c5 8. Be2 Nc7 9. h3 Nce8 10. O-O b6 11. Ne5 Bb7 12. a4 Nd6 13. a5 Rb8 14. a6 Ba8 15. Nb5 Nfe4 16. Nxa7 Qe8 17. c4 f6 18. Nf3 dxc4 19. dxc5 bxc5 20. Qa4 Qxa4 21. Rxa4 e5 22. Bh2 Rxb2 23. Bxc4+ Nxc4 24. Rxc4 Ra2 25. Nb5 Bc6 26. Nc3 Nxc3 27. Rxc3 Rxa6 28. Rfc1 Rd8 29. Bg3 Bb5 30. Ne1 Ra2 31. Rb1 Ba4 32. Rb7 Bf8 33. f4 e4 34. Rc7 Rd1 35. Kh2 Re2 36. Rc4 Bb5 37. Rxe4 Rexe1 38. Bxe1 Rxe1 39. Re6 c4 40. Rb6 Rb1 41. Rb8 c3 42. Rxc3 Bd3 43. Rd8 Bf5 44. e4 Bxe4 45. Rcc8 Kf7 46. Rxf8+ Kg6 47. Rc7 Rb2 48. Kg1 Rxg2+ 49. Kf1 Rg3 50. Rg8 Kf5 0-1


[Site "https://www.chess.com"]

[Event "Titled Tuesday Blitz April 4 Early 2023"]
[White "Francisco Guecamburu, Candela Be"]
[Black "Flores, Diego"]
[WhiteFideId "160911"]
[BlackFideId "108049"]
[WhiteElo "2326"]
[BlackElo "2613"]
[Result "0-1"]
[Round "02"]
[TimeControl "180+2"]
[Date "2023.04.04"]
[WhiteClock "0:00:32"]
[BlackClock "0:00:53"]

1. e4 d6 2. d4 Nf6 3. Nc3 c6 4. Be3 b5 5. Bd3 e5 6. Nf3 Nbd7 7. h3 Be7 8. O-O a6 9. a4 Bb7 10. axb5 axb5 11. Rxa8 Qxa8 12. dxe5 dxe5 13. Nh4 g6 14. Nf3 O-O 15. Bh6 Re8 16. Qe2 Bf8 17. Bg5 Bg7 18. Nd1 Nc5 19. Bxf6 Bxf6 20. Ne3 Ne6 21. g3 Bg7 22. h4 h5 23. Ng5 Nxg5 24. hxg5 Qd8 25. Ra1 Qxg5 26. Ra7 Re7 27. c4 b4 28. c5 Kh7 29. Nc4 Bc8 30. Rxe7 Qxe7 31. Nd6 Bg4 32. Qd2 Qa7 33. Qxb4 Qa1+ 34. Kg2 Qd1 0-1


[Site "https://www.chess.com"]

[Event "Titled Tuesday Blitz April 4 Early 2023"]
[White "Eynullayev, Atilla"]
[Black "Weetik, Vjacheslav"]
[WhiteFideId "13413570"]
[BlackFideId "4153472"]
[WhiteElo "2181"]
[BlackElo "2469"]
[Result "0-1"]
[Round "02"]
[TimeControl "180+2"]
[Date "2023.04.04"]
[WhiteClock "0:00:01"]
[BlackClock "0:00:30"]

1. d4 Nf6 2. c4 e6 3. Nc3 d5 4. cxd5 exd5 5. Bg5 c6 6. e3 Nbd7 7. Bd3 Be7 8. Qc2 Nh5 9. Bxe7 Qxe7 10. O-O-O g6 11. Kb1 Nb6 12. Nf3 Ng7 13. Rhe1 O-O 14. e4 dxe4 15. Nxe4 Nd5 16. a3 Qd8 17. h3 Bf5 18. g4 Bxe4 19. Rxe4 Ne6 20. Ne5 Nef4 21. Bc4 Qh4 22. Qd2 Ne6 23. f4 Rad8 24. f5 gxf5 25. Ree1 f4 26. Qc2 Ne3 27. Rxe3 fxe3 28. Qf5 Qh6 29. h4 Qf4 30. Qh5 Rxd4 31. Rd2 exd2 32. g5 0-1


[Site "https://www.chess.com"]

[Event "Titled Tuesday Blitz April 4 Early 2023"]
[White "Oleksiyenko, Mykhaylo"]
[Black "Mortazavi, Ali"]
[WhiteFideId "4152417"]
[BlackFideId "401323"]
[WhiteElo "2551"]
[BlackElo "2339"]
[Result "1-0"]
[Round "02"]
[TimeControl "180+2"]
[Date "2023.04.04"]
[WhiteClock "0:00:21"]
[BlackClock "0:00:13"]

1. e4 c6 2. Nf3 d5 3. Nc3 dxe4 4. Nxe4 Nf6 5. Nxf6+ exf6 6. Bc4 Bd6 7. Qe2+ Be7 8. O-O O-O 9. Re1 Bd6 10. d4 Na6 11. a3 Nc7 12. h3 Re8 13. Qf1 Bf5 14. Rxe8+ Qxe8 15. Bd3 Bg6 16. Bxg6 hxg6 17. c4 Qe4 18. Be3 Qc2 19. Qc1 Qe4 20. Qb1 Qe6 21. Qd3 Rd8 22. Rc1 Bf8 23. Qb3 b5 24. Qc2 bxc4 25. Qxc4 Nd5 26. Qxc6 Rd6 27. Qc8 Nxe3 28. Qxe6 Rxe6 29. fxe3 Rxe3 30. Kf2 Rb3 31. Rc2 g5 32. Nd2 Rb7 33. b4 g6 34. Rc8 Kg7 35. Nc4 Rd7 36. Ke3 f5 37. b5 Be7 38. Ne5 Rb7 39. a4 Bf6 40. Nc6 Rd7 41. Ra8 f4+ 42. Ke4 Rd6 43. Rxa7 Re6+ 44. Kd3 Re3+ 45. Kc4 Rg3 46. b6 Rxg2 47. b7 Rb2 48. b8=Q Rxb8 49. Nxb8 Bd8 50. Nc6 f3 51. Nxd8 1-0


[Site "https://www.chess.com"]

[Event "Titled Tuesday Blitz April 4 Early 2023"]
[White "Papasimakopoulos, Alexandros"]
[Black "Hirneise, Jens"]
[WhiteFideId "4244125"]
[BlackFideId "24614734"]
[WhiteElo "2359"]
[BlackElo "2345"]
[Result "1/2-1/2"]
[Round "02"]
[TimeControl "180+2"]
[Date "2023.04.04"]
[WhiteClock "0:00:26"]
[BlackClock "0:01:10"]

1. d4 Nf6 2. c4 Nc6 3. Nf3 e6 4. a3 g6 5. Nc3 Bg7 6. d5 exd5 7. cxd5 Ne7 8. d6 cxd6 9. e4 O-O 10. Bc4 b6 11. O-O Bb7 12. Re1 Rc8 13. Ba2 Ne8 14. Bd2 Nc7 15. Rc1 d5 16. e5 Ne6 17. Nb5 Rxc1 18. Qxc1 Qb8 19. Nd6 Bc6 20. Bh6 Bxh6 21. Qxh6 Nc8 22. Nxc8 Qxc8 23. h4 Qd8 24. Ng5 Nxg5 25. hxg5 Qe7 26. Re3 Qc5 27. Rh3 Qc1+ 28. Kh2 Qf4+ 29. Kg1 Qc1+ 30. Kh2 Qf4+ 31. Kg1 Qc1+ 1/2-1/2


[Site "https://www.chess.com"]

[Event "Titled Tuesday Blitz April 4 Early 2023"]
[White "Gurevich, Dmitry"]
[Black "Horvath, Dominik"]
[WhiteFideId "2000407"]
[BlackFideId "1642561"]
[WhiteElo "2506"]
[BlackElo "2407"]
[Result "0-1"]
[Round "02"]
[TimeControl "180+2"]
[Date "2023.04.04"]
[WhiteClock "0:00:47"]
[BlackClock "0:01:07"]

1. d4 d5 2. c4 c6 3. e3 Nf6 4. Nc3 e6 5. Nf3 Nbd7 6. Qc2 Bd6 7. b3 O-O 8. Be2 b6 9. O-O Bb7 10. Bb2 Qe7 11. Rad1 Rad8 12. Rfe1 Rfe8 13. h3 Bb8 14. e4 Nxe4 15. Nxe4 dxe4 16. Qxe4 Nf6 17. Qh4 h6 18. c5 Nd5 19. Qxe7 Rxe7 20. Ne5 f6 21. Nc4 b5 22. Na5 Ba8 23. a3 Bc7 24. b4 Bxa5 25. bxa5 Bb7 26. Bf3 Kf7 27. g3 g6 28. h4 h5 29. Re2 Ba6 30. Re4 Rb8 31. Rde1 b4 32. axb4 Rxb4 33. Ba1 Bd3 34. Kg2 Bxe4 35. Bxe4 Ra4 36. Bb2 Rxa5 37. Rc1 Ra2 38. Bc3 Rb7 39. Be1 a5 40. Bd3 a4 41. Bc4 Rab2 42. Ba5 Ne3+ 43. Kf3 Nxc4 44. Rxc4 a3 45. Ra4 Ra7 0-1


[Site "https://www.chess.com"]

[Event "Titled Tuesday Blitz April 4 Early 2023"]
[White "Bayo Milagro, Alvaro"]
[Black "Cherniaiev, Tykhon"]
[WhiteFideId "22275240"]
[BlackFideId "14182360"]
[WhiteElo "2270"]
[BlackElo "2450"]
[Result "0-1"]
[Round "02"]
[TimeControl "180+2"]
[Date "2023.04.04"]
[WhiteClock "0:01:52"]
[BlackClock "0:02:23"]

1. c4 e5 2. Nc3 Nf6 3. Nf3 Nc6 4. e4 Bb4 5. d3 d6 6. Be2 Bg4 7. O-O O-O 8. a3 Ba5 9. b4 Bb6 10. Bg5 h6 11. Bh4 Bxf3 12. Bxf3 Bd4 13. Rc1 Bxc3 14. Rxc3 Nd4 15. Rc1 c6 16. Be2 a5 17. Qd2 axb4 18. axb4 Nxe4 19. Qxh6 0-1


[Site "https://www.chess.com"]

[Event "Titled Tuesday Blitz April 4 Early 2023"]
[White "Hristodoulou, Panagiotis"]
[Black "Bocharov, Dmitry"]
[WhiteFideId "4214340"]
[BlackFideId "4138716"]
[WhiteElo "2272"]
[BlackElo "2469"]
[Result "0-1"]
[Round "02"]
[TimeControl "180+2"]
[Date "2023.04.04"]
[WhiteClock "0:00:04"]
[BlackClock "0:00:39"]

1. e4 c5 2. Nf3 d6 3. d4 cxd4 4. Nxd4 Nf6 5. Nc3 a6 6. Be2 e5 7. Nf3 Be7 8. Bg5 Nbd7 9. Nd2 O-O 10. Nc4 b5 11. Nxd6 b4 12. Na4 Qa5 13. Nxc8 Raxc8 14. b3 Rfd8 15. Bd3 Nc5 16. Nxc5 Qxc5 17. O-O Nxe4 18. Be3 Qc7 19. Qe1 Nc5 20. Bxc5 Bxc5 21. Bxa6 Ra8 22. Bc4 Bd4 23. Rd1 Bc3 24. Qe4 g6 25. Rxd8+ Rxd8 26. Qf3 Rd2 27. a4 Rxc2 28. g3 Ra2 29. h4 Kg7 30. h5 Qe7 31. Qd5 gxh5 32. Kg2 Qf6 33. Qf3 Qxf3+ 34. Kxf3 f5 35. Ke3 Bd4+ 36. Kf3 Kf6 37. Kg2 e4 38. Kg1 Kg5 39. Kh1 h4 40. Be6 Bxf2 41. gxh4+ Kf6 42. Bc4 e3 43. Kg2 Bxh4+ 44. Kf3 Bg5 45. Rh1 Rf2+ 46. Kg3 Bf4+ 47. Kh3 e2 0-1


[Site "https://www.chess.com"]

[Event "Titled Tuesday Blitz April 4 Early 2023"]
[White "Riff, Vincent"]
[Black "Salman, Pavel"]
[WhiteFideId "617776"]
[BlackFideId "24153753"]
[WhiteElo "2369"]
[BlackElo "2187"]
[Result "1-0"]
[Round "02"]
[TimeControl "180+2"]
[Date "2023.04.04"]
[WhiteClock "0:00:44"]
[BlackClock "0:00:07"]

1. e4 c5 2. Nf3 e6 3. d4 cxd4 4. Nxd4 a6 5. Nc3 Qc7 6. Bd3 Nc6 7. Nxc6 dxc6 8. O-O e5 9. Qe2 Bc5 10. a4 Nf6 11. h3 Be6 12. a5 O-O 13. Kh1 h6 14. f4 exf4 15. Bxf4 Qe7 16. Na4 Ba7 17. Nb6 Rad8 18. e5 Nd5 19. Qe4 f5 20. exf6 Nxf6 21. Qe2 Bxb6 22. axb6 Qd7 23. Rae1 Bd5 24. Kh2 Rde8 25. Qd2 Rxe1 26. Rxe1 Re8 27. Rd1 Qf7 28. Re1 Be4 29. Bf1 Qd5 30. Qxd5+ Nxd5 31. Bc7 a5 32. c4 Nf6 33. c5 Bd5 34. Rxe8+ Nxe8 35. Ba6 Nf6 36. Bxb7 Nd7 37. Bc8 Nxc5 38. Bd6 Ne4 39. b7 Nxd6 40. b8=Q Nxc8 41. Qxc8+ Kf7 42. Qa6 Ke6 43. Qxa5 Kd6 44. Qc3 g6 45. Qf6+ 1-0


[Site "https://www.chess.com"]

[Event "Titled Tuesday Blitz April 4 Early 2023"]
[White "Sreyas Payyappat"]
[Black "Yanchenko, Roman"]
[WhiteFideId "46674969"]
[BlackFideId "4137329"]
[WhiteElo "2083"]
[BlackElo "2491"]
[Result "0-1"]
[Round "02"]
[TimeControl "180+2"]
[Date "2023.04.04"]
[WhiteClock "0:00:43"]
[BlackClock "0:01:35"]

1. e4 e6 2. d4 d5 3. Nc3 Bb4 4. e5 Ne7 5. a3 Bxc3+ 6. bxc3 b6 7. Qg4 O-O 8. f4 Ba6 9. Bxa6 Nxa6 10. Ne2 c5 11. O-O Rc8 12. Ra2 Nf5 13. Ng3 Qh4 14. Qf3 cxd4 15. Nxf5 exf5 16. cxd4 Rfd8 17. c3 Rc4 18. g3 Qh3 19. Rg2 Nb8 20. Bb2 Nc6 21. Qe2 h5 22. Rf3 Qg4 23. h3 Qg6 24. Re3 Rc8 25. g4 hxg4 26. hxg4 Nd8 27. Reg3 Ne6 28. Qf2 R4c6 29. Rh2 Kf8 30. a4 Ke8 31. Qf3 fxg4 32. Qxd5 Qb1+ 33. Kg2 Nxf4+ 34. Kf2 Nxd5 0-1


[Site "https://www.chess.com"]

[Event "Titled Tuesday Blitz April 4 Early 2023"]
[White "Krysa, Leandro"]
[Black "Roebers, Eline"]
[WhiteFideId "116807"]
[BlackFideId "1058401"]
[WhiteElo "2489"]
[BlackElo "2508"]
[Result "0-1"]
[Round "02"]
[TimeControl "180+2"]
[Date "2023.04.04"]
[WhiteClock "0:00:03"]
[BlackClock "0:00:02"]

1. e4 c5 2. Nf3 e6 3. d4 cxd4 4. Nxd4 Nf6 5. Nc3 Nc6 6. Bc4 Qc7 7. O-O a6 8. Nxc6 Qxc6 9. Bb3 Nxe4 10. Nxe4 Qxe4 11. Re1 Qc6 12. Qg4 b5 13. Bf4 Bb7 14. Rad1 h5 15. Qh3 Be7 16. f3 a5 17. c3 a4 18. Bc2 a3 19. Be4 Qb6+ 20. Kh1 Bxe4 21. fxe4 axb2 22. Rb1 Rxa2 23. Qd3 Qc6 24. Re2 O-O 25. Rexb2 Rxb2 26. Rxb2 Ra8 27. h3 Ra3 28. Rxb5 Rxc3 29. Rb8+ Kh7 30. Qe2 Qc5 31. e5 g6 32. Rb1 Qc6 33. Rf1 Rc2 34. Bd2 Kg8 35. Qf2 f5 36. exf6 Bf8 37. f7+ Kh7 38. Qe3 Qd5 39. Rf2 Rb2 40. Qf4 Rb1+ 41. Kh2 Bd6 42. f8=Q Bxf8 0-1


[Site "https://www.chess.com"]

[Event "Titled Tuesday Blitz April 4 Early 2023"]
[White "Deng, Henry"]
[Black "Bronstein, Or"]
[WhiteFideId "30965454"]
[BlackFideId "2815770"]
[WhiteElo "2460"]
[BlackElo "2356"]
[Result "1-0"]
[Round "02"]
[TimeControl "180+2"]
[Date "2023.04.04"]
[WhiteClock "0:00:31"]
[BlackClock "0:00:11"]

1. e4 e6 2. d4 d5 3. Nd2 Be7 4. Ngf3 Nf6 5. e5 Nfd7 6. Bd3 c5 7. c3 Nc6 8. O-O g5 9. Nb1 g4 10. Ne1 cxd4 11. cxd4 Nxd4 12. Qxg4 Nc6 13. Qg7 Rf8 14. Nf3 Ncxe5 15. Nxe5 Bf6 16. Nxf7 Rxf7 17. Qg3 Rg7 18. Qf3 Ne5 19. Qh5+ Ke7 20. Bh6 Nxd3 21. Bxg7 Bxg7 22. Qxh7 Qh8 23. Qxd3 Bxb2 24. Nc3 Qxc3 25. Qh7+ Qg7 26. Qh4+ Bf6 27. Qb4+ Kf7 28. Rac1 Be5 29. f4 Bd4+ 30. Kh1 Bb6 31. Qd6 Qf8 32. Qe5 Qg7 33. Qd6 Qf6 34. f5 exf5 35. Qxd5+ Kg7 36. Rf3 f4 37. Rcf1 Qf5 38. Qc4 Be6 39. Qb4 Qc5 40. Qxf4 Rg8 41. Rg3+ Kh7 42. Qh4+ 1-0


[Site "https://www.chess.com"]

[Event "Titled Tuesday Blitz April 4 Early 2023"]
[White "Vafin, Ayrat"]
[Black "Iskusnyh, Sergei"]
[WhiteFideId "4146530"]
[BlackFideId "4120027"]
[WhiteElo "2317"]
[BlackElo "2492"]
[Result "1-0"]
[Round "02"]
[TimeControl "180+2"]
[Date "2023.04.04"]
[WhiteClock "0:00:04"]
[BlackClock "0:00:03"]

1. Nf3 d5 2. g3 Nf6 3. Bg2 c6 4. O-O Bf5 5. c4 e6 6. d3 h6 7. Be3 dxc4 8. dxc4 Qxd1 9. Rxd1 Nbd7 10. Nc3 Bc5 11. Bd2 Ke7 12. Rac1 Rhd8 13. Be1 a5 14. Na4 Bb4 15. Nd4 Bxe1 16. Nxf5+ exf5 17. Rxe1 Ne4 18. Red1 Nec5 19. Nxc5 Nxc5 20. Bf3 a4 21. Kf1 Rxd1+ 22. Rxd1 Ra6 23. Rd2 Rb6 24. e3 Rb4 25. Be2 Ne4 26. Rc2 Kd6 27. f3 Nc5 28. Ke1 Rb6 29. Rd2+ Ke7 30. Bd1 Rb4 31. Be2 g5 32. Kd1 h5 33. Kc2 g4 34. Kc3 Rb6 35. Rd4 Ne6 36. Rd2 c5 37. Rd5 Kf6 38. Bd3 Ng7 39. fxg4 hxg4 40. Rxc5 Re6 41. Kd2 b6 42. Rb5 Kg5 43. e4 Rh6 44. exf5 Rxh2+ 45. Kc3 Rg2 46. f6+ Kxf6 47. Rxb6+ Ne6 48. c5 Rxg3 49. c6 Ke7 50. c7 Nxc7 51. Kc4 Rf3 52. Be4 Rf4 53. Kd3 f5 54. Bh1 Rf2 55. Rb4 g3 56. Rxa4 g2 57. Bxg2 Rxg2 58. b4 Kd6 59. Ra5 Nd5 60. b5 1-0


[Site "https://www.chess.com"]

[Event "Titled Tuesday Blitz April 4 Early 2023"]
[White "Levitskiy, Andrey"]
[Black "Novik, Maxim"]
[WhiteFideId "14132885"]
[BlackFideId "4102924"]
[WhiteElo "2341"]
[BlackElo "2287"]
[Result "1-0"]
[Round "02"]
[TimeControl "180+2"]
[Date "2023.04.04"]
[WhiteClock "0:00:07"]
[BlackClock "0:00:01"]

1. e4 c6 2. Nf3 d5 3. exd5 cxd5 4. Ne5 Nf6 5. d4 g6 6. Bb5+ Nbd7 7. O-O Bg7 8. Re1 O-O 9. Nd2 Nxe5 10. dxe5 Ng4 11. Nf3 Nxf2 12. Kxf2 Qb6+ 13. Nd4 f6 14. e6 f5 15. c3 Bxd4+ 16. Qxd4 Qxb5 17. Re2 Rf6 18. Bg5 Rxe6 19. Rxe6 Bxe6 20. Re1 Kf7 21. Rxe6 Kxe6 22. Qe3+ Kd7 23. Qxe7+ Kc6 24. Qe6+ Kc7 25. Bf4+ Kd8 26. Qf6+ Kd7 27. Qf7+ Kd8 28. Qf6+ Kd7 29. Qf7+ Kd8 30. Qf8+ Kd7 31. Qd6+ Ke8 32. Qe6+ Kd8 33. Qg8+ Qe8 34. Qxd5+ Qd7 35. Qg8+ Qe8 36. Qd5+ Ke7 37. Bg5+ Kf8 38. Bh6+ Ke7 39. Bg5+ Kf8 40. Bh6+ Ke7 41. Qc5+ Kf7 42. Qc7+ Qe7 43. Qc4+ Ke8 44. Qg8+ Kd7 45. Qxa8 Qc5+ 46. Be3 Qb5 47. Qxa7 Qxb2+ 48. Kf3 Qb5 49. Qd4+ Ke6 50. c4 Qc6+ 51. Kf2 Qa6 52. Qd5+ Ke7 53. Bg5+ Ke8 54. Qd8+ Kf7 55. Qe7+ Kg8 56. Qe8+ Kg7 57. Qe5+ Kf7 58. Qd5+ Kg7 59. Be3 1-0


[Site "https://www.chess.com"]

[Event "Titled Tuesday Blitz April 4 Early 2023"]
[White "Chernomordik, Pavel"]
[Black "Schmakel, Sam"]
[WhiteFideId "2804530"]
[BlackFideId "2039311"]
[WhiteElo "2193"]
[BlackElo "2356"]
[Result "1/2-1/2"]
[Round "02"]
[TimeControl "180+2"]
[Date "2023.04.04"]
[WhiteClock "0:00:03"]
[BlackClock "0:00:09"]

1. e4 c5 2. Nc3 d6 3. f4 g6 4. Nf3 Bg7 5. Bb5+ Bd7 6. Bc4 Nc6 7. O-O Nd4 8. d3 Bc6 9. a4 Nf6 10. Be3 Ng4 11. Bd2 O-O 12. h3 Nf6 13. Be3 d5 14. Bxd4 cxd4 15. Nxd5 Nxd5 16. exd5 Bxd5 17. Qe2 Bxc4 18. dxc4 Qb6 19. Qd3 Rac8 20. b3 Qd6 21. Ng5 a6 22. Ne4 Qd7 23. Rae1 Rfe8 24. Ng3 e6 25. Ne4 e5 26. fxe5 Rxe5 27. Nd2 Rce8 28. Rxe5 Rxe5 29. Nf3 Re3 30. Qd1 Qd6 31. Re1 Bh6 32. Kf1 Rxe1+ 33. Qxe1 d3 34. cxd3 Qxd3+ 35. Qe2 Qxb3 36. Qe8+ Bf8 37. Ne5 Qb1+ 38. Kf2 Qf5+ 39. Kg1 Kg7 40. Nd7 Bc5+ 41. Nxc5 Qxc5+ 42. Kh1 Qxc4 43. Qe5+ Kg8 44. Qe8+ Kg7 45. Qe5+ f6 46. Qe7+ Qf7 47. Qc5 Qd7 48. a5 h5 49. Kh2 h4 50. Qb4 g5 51. Qe4 Qc7+ 52. Kh1 Qxa5 53. Qxb7+ Kg6 54. Qe4+ Qf5 55. Qe8+ Kh6 56. Qf8+ Kg6 57. Qg8+ Kh6 58. Qh8+ Qh7 59. Qxf6+ Qg6 60. Qh8+ Qh7 61. Qf6+ Qg6 62. Qh8+ Qh7 63. Qf6+ 1/2-1/2


[Site "https://www.chess.com"]

[Event "Titled Tuesday Blitz April 4 Early 2023"]
[White "Kowalczyk, Pawel"]
[Black "Moral Garcia, Serafin"]
[WhiteFideId "1130641"]
[BlackFideId "2201925"]
[WhiteElo "2324"]
[BlackElo "2274"]
[Result "1-0"]
[Round "02"]
[TimeControl "180+2"]
[Date "2023.04.04"]
[WhiteClock "0:02:08"]
[BlackClock "0:01:25"]

1. e4 c5 2. Ne2 e6 3. g3 Nc6 4. Bg2 a6 5. O-O Qc7 6. c3 Nf6 7. d4 d6 8. h3 Be7 9. Be3 O-O 10. Kh2 Ne8 11. Nd2 b5 12. f4 f5 13. e5 cxd4 14. cxd4 d5 15. Rc1 Bd7 16. Nb3 Rc8 17. Qd2 Qb6 18. Nc5 Rc7 19. Nc3 Bc8 20. Bxd5 exd5 21. Nxd5 Qb8 22. Nxc7 Nxc7 23. d5 Rd8 24. d6 Ne8 25. Nd3 Bb7 26. dxe7 Nxe7 27. Qe2 Nd5 28. Nc5 Nec7 29. Nxb7 Qxb7 30. Bc5 Ne6 31. Bd6 Qb6 32. Rfd1 1-0


[Site "https://www.chess.com"]

[Event "Titled Tuesday Blitz April 4 Early 2023"]
[White "polandchessplayer"]
[Black "Harriott, Tyrell"]
[BlackFideId "2086484"]
[WhiteElo "2698"]
[BlackElo "2107"]
[Result "1-0"]
[Round "02"]
[TimeControl "180+2"]
[Date "2023.04.04"]
[WhiteClock "0:00:30"]
[BlackClock "0:00:06"]

1. c4 e6 2. Nf3 d5 3. d4 c6 4. g3 Bd6 5. Bg2 f5 6. O-O Nf6 7. b3 O-O 8. Nbd2 f4 9. Bb2 Qe8 10. Ne5 fxg3 11. hxg3 Bxe5 12. dxe5 Ng4 13. Bf3 Qh5 14. Bxg4 Qxg4 15. Nf3 Nd7 16. Kg2 Nc5 17. Ba3 b6 18. Bxc5 bxc5 19. Qc2 Ba6 20. Rh1 Rf5 21. Rh4 Qg6 22. Rc1 Raf8 23. Kg1 h6 24. Rh2 Qf7 25. Rg2 d4 26. Qe4 Bc8 27. Rf1 Bd7 28. Nh4 Rg5 29. f4 Rg4 30. Nf3 Qh5 31. Nh2 Rg6 32. g4 Qh4 33. Qxg6 Qe7 34. g5 Be8 35. Qe4 h5 36. Nf3 g6 37. Nh4 Kg7 38. e3 Bf7 39. Rd2 Rd8 40. exd4 cxd4 41. Rfd1 c5 42. Kf2 Rd7 43. Kg3 Rd8 44. b4 Rd7 45. a3 Rc7 46. Nf3 cxb4 47. axb4 Qxb4 48. Rxd4 Qb3 49. Rd7 Rb7 50. Rxb7 Qxd1 51. Qe1 h4+ 52. Kg4 Qd3 53. Qxh4 Kg8 54. Rb8+ Be8 55. Rxe8+ Kf7 56. Rb8 Qxf3+ 57. Kxf3 Ke7 58. Qh7# 1-0


[Site "https://www.chess.com"]

[Event "Titled Tuesday Blitz April 4 Early 2023"]
[White "Bashirli, Nail"]
[Black "Bowden, Karl"]
[WhiteFideId "13406809"]
[BlackFideId "400548"]
[WhiteElo "2322"]
[BlackElo "2432"]
[Result "1-0"]
[Round "02"]
[TimeControl "180+2"]
[Date "2023.04.04"]
[WhiteClock "0:00:25"]
[BlackClock "0:00:11"]

1. e4 e5 2. Nf3 d5 3. d4 dxe4 4. Nxe5 Bd6 5. Nc4 Ne7 6. Be2 Nbc6 7. Nc3 Bf5 8. Bg5 O-O 9. Qd2 Bb4 10. O-O-O f6 11. Bh4 Nd5 12. Kb1 Nce7 13. Ne3 c6 14. Bc4 Be6 15. Bxd5 cxd5 16. Qe2 Bxc3 17. bxc3 Rc8 18. c4 Qb6+ 19. Ka1 dxc4 20. d5 Qb4 21. Qe1 Qxe1 22. Rhxe1 Bd7 23. Rd4 Ng6 24. Bg3 f5 25. Bd6 Rfd8 26. Bb4 b5 27. d6 Ne5 28. Nd5 Kf7 29. Ne7 Ra8 30. Rd5 Nc6 31. Bc5 Ke6 32. Red1 g6 33. f3 exf3 34. gxf3 Kf7 35. Re1 Rac8 36. Nxc6 Bxc6 37. Re7+ Kg8 38. Rde5 Rd7 39. f4 Rxe7 40. Rxe7 Rd8 41. Kb2 Rd7 42. Re8+ Kf7 43. Rh8 Ke6 44. Kc3 Kd5 45. Bb4 a5 46. Bxa5 Kxd6 47. Kd4 Be4 48. c3 Kc6+ 49. Ke5 Rd2 50. Rxh7 Rxa2 51. Rc7# 1-0


[Site "https://www.chess.com"]

[Event "Titled Tuesday Blitz April 4 Early 2023"]
[White "Xu, Daniel"]
[Black "EREBUNI91"]
[WhiteFideId "2627345"]
[WhiteElo "1980"]
[BlackElo "2692"]
[Result "1-0"]
[Round "02"]
[TimeControl "180+2"]
[Date "2023.04.04"]
[WhiteClock "0:00:06"]
[BlackClock "0:00:02"]

1. e4 c5 2. Nf3 e6 3. d4 cxd4 4. Nxd4 a6 5. Bd3 Bc5 6. Nb3 Be7 7. Qg4 g6 8. Qe2 h5 9. Nc3 b5 10. a3 Bb7 11. Bd2 d6 12. O-O Nf6 13. f4 Nbd7 14. Rae1 Qc7 15. h3 h4 16. e5 dxe5 17. fxe5 Nh5 18. Qf2 Nxe5 19. Bxb5+ axb5 20. Nxb5 Qc6 21. Rxe5 Bf6 22. Rc5 Qd7 23. Nc7+ Kf8 24. Nxa8 Bxa8 25. Rxh5 Rxh5 26. Qxf6 Qb7 27. Qd8+ Kg7 28. Bc3+ e5 29. Qf6+ Kg8 30. Rf2 Rf5 31. Qd8+ Kg7 32. Bxe5+ f6 33. Bxf6+ Kf7 34. Qd4 Rxf2 35. Qxf2 Kg8 36. Bxh4 Qe4 37. Nd4 Bd5 38. Nf3 Qf5 39. Qe2 Be4 40. Nd4 Qd5 41. c3 Bf5 42. Qe8+ Kh7 43. Qe7+ Kh6 44. Bg5+ Kh5 45. g4+ Bxg4 46. hxg4+ Kxg4 47. Qe6+ Kg3 48. Qxd5 1-0


[Site "https://www.chess.com"]

[Event "Titled Tuesday Blitz April 4 Early 2023"]
[White "Perez Gormaz, Matias"]
[Black "Hajiyev, Kanan"]
[WhiteFideId "3406342"]
[BlackFideId "13404148"]
[WhiteElo "2362"]
[BlackElo "2103"]
[Result "1-0"]
[Round "02"]
[TimeControl "180+2"]
[Date "2023.04.04"]
[WhiteClock "0:01:00"]
[BlackClock "0:01:00"]

1. e4 c6 2. d4 d5 3. exd5 cxd5 4. Bd3 Nc6 5. c3 Qc7 6. h3 Nf6 7. Nf3 g6 8. Qc2 Bg7 9. O-O O-O 10. Re1 Be6 11. Bg5 Rac8 12. Qb3 Na5 13. Qa4 Bf5 14. Bxf5 gxf5 15. Nbd2 e6 16. Bxf6 Bxf6 17. Ne5 Bxe5 18. dxe5 a6 19. Qh4 Qd8 20. Qh6 Qe7 21. Nf3 f6 22. exf6 Rxf6 23. Qh4 Qg7 24. Re2 Rg6 25. g3 Rc4 26. Qd8+ Kf7 27. Ne5+ 1-0


[Site "https://www.chess.com"]

[Event "Titled Tuesday Blitz April 4 Early 2023"]
[White "Rizzo, Tobias"]
[Black "Matinian, Nikita"]
[WhiteFideId "30942691"]
[BlackFideId "24129100"]
[WhiteElo "2420"]
[BlackElo "2422"]
[Result "0-1"]
[Round "02"]
[TimeControl "180+2"]
[Date "2023.04.04"]
[WhiteClock "0:00:22"]
[BlackClock "0:01:24"]

1. d4 Nf6 2. Bg5 e6 3. e4 h6 4. Bxf6 Qxf6 5. c3 d6 6. Nf3 g5 7. Bd3 Bg7 8. Na3 a6 9. Nc4 Nd7 10. O-O b5 11. Ne3 Bb7 12. Re1 h5 13. a4 g4 14. Nd2 b4 15. Ndf1 bxc3 16. bxc3 Ra7 17. Rb1 Qg5 18. Qd2 O-O 19. Nc4 Qxd2 20. Nfxd2 Ba8 21. Rb3 c5 22. Nxd6 cxd4 23. cxd4 Bxd4 24. Rc1 Nc5 25. Ra3 Bb2 26. Rac3 Bxc3 27. Rxc3 Nxd3 28. Rxd3 Rd8 29. e5 f6 30. N2c4 fxe5 31. Nxe5 Bd5 32. Ne4 Rc8 33. Nc3 Rac7 34. Nd1 Rc1 35. h3 Be4 36. Rd7 Bc2 0-1


[Site "https://www.chess.com"]